 Dungeon Crawl Stone Soup version 0.30-a0-395-gfe72c296f8 (webtiles) character file.

Game seed: 5434574374773726715

15 Emberiza the Chopper (level 2, 24/27 HPs)
             Began as a Minotaur Berserker on Dec 7, 2022.
             Was a Follower of Trog.
             Quit the game on level 1 of the Dungeon.
             The game lasted 00:00:58 (381 turns).

Emberiza the Chopper (Minotaur Berserker)            Turns: 381, Time: 00:00:58

Health: 24/27      AC:  8    Str: 21    XL:     2   Next: 34%
Magic:  1/1        EV: 11    Int:  4    God:    Trog [*.....]
Gold:   45         SH:  0    Dex:  9    Spells: 1/1 levels left

rFire   . . .      SeeInvis .    a - +0 hand axe
rCold   . . .      Faith    .    (no shield)
rNeg    . . .      Spirit   .    c - +0 ring mail
rPois   .          Reflect  .    (helmet restricted)
rElec   .          Harm     .    (no cloak)
rCorr   .          Rampage  .    (no gloves)
Will    .....                    h - +2 pair of boots
Stlth   ..........               (no amulet)
HPRegen 0.24/turn                (no ring)
MPRegen 0.07/turn                (no ring)

@: no status effects
A: horns 2, retaliatory headbutt
a: Renounce Religion, Berserk


You were on level 1 of the Dungeon.
You worshipped Trog.
Trog was aware of your devotion.
You visited 1 branch of the dungeon, and saw 1 of its levels.

You collected 45 gold pieces.

Inventory:

Hand Weapons
 a - a +0 hand axe (weapon)
Armour
 b - a +0 animal skin
 c - a +0 ring mail (worn)
 h - a +2 pair of boots (worn)
Scrolls
 e - a scroll of magic mapping {unknown}
 f - a scroll of noise {unknown}
 j - a scroll of enchant weapon {unknown}
Potions
 d - a potion of lignification {unknown}
 g - 2 potions of curing {unknown}
 i - a potion of heal wounds {unknown}


   Skills:
 + Level 3.9 Fighting
 + Level 3.9 Axes
 + Level 2.8 Armour
 + Level 2.5 Dodging


You had one spell level left.
You didn't know any spells.
Your spell library was empty.

Dungeon Overview and Level Annotations

Branches:
Dungeon (1/15)

Altars:


Innate Abilities, Weirdness & Mutations

You have a pair of horns on your head.
You reflexively headbutt those who attack you in melee.


Message History

The bat hits you but does no damage. The bat misses you.
No target in view!
No target in view!
The bat closely misses you.
A bat is nearby!
You slash the bat!
You kill the bat!
Trog accepts your kill.
No target in view!
No target in view!
A bat and an endoplasm come into view.
The endoplasm quivers.
You see here a sapphire potion.
There are monsters nearby!
You miss the bat. The bat barely misses you.
You closely miss the bat. The bat hits you.
The bat hits you but does no damage. x2
The bat completely misses you. You furiously retaliate!
You headbutt the bat!
You kill the bat!
Trog accepts your kill. The endoplasm freezes you.
You are frozen.
You hit the endoplasm.
The endoplasm is lightly wounded.
The endoplasm misses you. You furiously retaliate!
You headbutt the endoplasm!
You kill the endoplasm!
Trog accepts your kill.
No target in view!
No target in view!
i - a sapphire potion
There are no items here.
You now have 45 gold pieces (gained 17).
j - a scroll labelled LUV WEBBOQEQ An endoplasm comes into view.
The endoplasm quivers.
An endoplasm is nearby!
The endoplasm freezes you.
You are frozen.
Unknown command.
Are you sure you want to abandon this character and quit the game? (Confirm with "yes".)

######### #####.......##
##.#.#.#.#.#..#
#...........#.#
###.#.#.#.#.#..#########
................@J......
###.#>#.#.#.#..#########
...............#
..#.#.#.#.#.#..#
...............#
###.#.#.#.#.#..#
#.............#
##.#.#.#.#.#..#
#...........#.#


You could see an endoplasm.

Vanquished Creatures
  3 endoplasms (D:1)
  A goblin (D:1)
  2 hobgoblins (D:1)
  A quokka (D:1)
  A ball python (D:1)
  3 bats (D:1)
  A kobold (D:1)
  A rat (D:1)
13 creatures vanquished.

Vanquished Creatures (others)
  4 toadstools (D:1)
4 creatures vanquished.

Grand Total: 17 creatures vanquished

Notes
Turn   | Place    | Note
-------+----------+-------------------------------------------
     0 | D:1      | Emberiza the Minotaur Berserker began the quest for the
                  | Orb.
     0 | D:1      | Reached XP level 1. HP: 19/19 MP: 0/0
   297 | D:1      | Reached XP level 2. HP: 24/27 MP: 1/1
   381 | D:1      | Quit the game

Illustrated notes

Levels and vault maps discovered:
D:1:      lightli_arrival_chessboard, layout_basic, minmay_gold_behind_fungi,
          st_stairs_11

Action                   || total
-------------------------++-------
Melee: Hand axe          ||    27
       Headbutt          ||     1
  Use: Scroll            ||     1
Armor: Ring mail         ||    10
       Animal skin       ||     2
Dodge: Dodged            ||    16

Table legend: (Time is in decaauts)
 A = Elapsed time spent in this place.
 B = Non-inter-level travel time spent in this place.
 C = Inter-level travel time spent in this place.
 D = Time resting spent in this place.
 E = Time spent auto-exploring this place.
 F = Levels seen in this place.
 G = Mean time per level.
                   A        B        C        D        E       F      G
               +--------+--------+--------+--------+--------+-----+--------+
         Total |    383 |    383 |      0 |      0 |    260 |   1 |  383.0 |
       Dungeon |    383 |    383 |      0 |      0 |    260 |   1 |  383.0 |
               +--------+--------+--------+--------+--------+-----+--------+

Top non-repeatable levels by time:
     D:1: 383 daAuts
